 Dungeon Crawl Stone Soup version 0.23.2-1-ga50397a6bc (webtiles) character file.

Game seed: 10325684969038433225

856 Jabberih the Spear-Bearer (level 8, -3/58 HPs)
             Began as a Merfolk Monk on Apr 24, 2019.
             Was a Believer of Qazlal.
             Slain by an ogre
             ... wielding a +0 giant club
              (26 damage)
             ... on level 5 of the Dungeon.
             The game lasted 00:09:19 (6040 turns).

Jabberih the Spear-Bearer (Merfolk Monk)            Turns: 6040, Time: 00:09:20

Health: -3/58      AC: 15    Str: 14    XL:     8   Next: 2%
Magic:  8/8        EV:  7    Int: 12    God:    Qazlal [**....]
Gold:   177        SH:  2    Dex: 16    Spells: 7/7 levels left

rFire    + + .     SeeInvis .   w - +1 trident
rCold    + + +     Gourm    .   (no shield)
rNeg     . . .     Faith    .   g - +7 chain mail of the Boiling Point {*Contam rF++ rC+++ rCorr}
rPois    .         Spirit   .   (no helmet)
rElec    .         Reflect  .   (no cloak)
rCorr    +         Harm     .   (no gloves)
MR       .....                  (no boots)
Stlth    ..........             (no amulet)
HPRegen  0.19/turn              v - +3 ring of intelligence
MPRegen  0.11/turn              (no ring)

@: no status effects
A: change form in water, swift swim, stealthy swim
a: Upheaval, Renounce Religion


You were on level 5 of the Dungeon.
You worshipped Qazlal.
Qazlal was pleased with you.
You were not hungry.

You visited 2 branches of the dungeon, and saw 6 of its levels.

You collected 177 gold pieces.

Inventory:

Hand Weapons
 a - a +0 spear
 n - a +1 dagger of venom
 w - a +1 trident (weapon)
Missiles
 d - 69 arrows
 i - 141 stones
 q - a throwing net (quivered)
Armour
 b - a +0 robe
 g - the +7 chain mail of the Boiling Point (worn) {*Contam rF++ rC+++ rCorr}
   (You found it on level 5 of the Dungeon)

   It greatly protects you from fire.
   It renders you almost immune to cold.
   It causes magical contamination when unequipped.
   It provides partial protection from all sources of acid and corrosion.
 l - a +0 ring mail
 u - a +0 plate armour
Jewellery
 v - a +3 ring of intelligence (left hand)
Wands
 s - a wand of random effects (20)
Scrolls
 f - a scroll of teleportation
 j - 2 scrolls of remove curse
 m - 2 scrolls of amnesia
 o - a scroll of identify
 p - 3 scrolls of noise
 x - a scroll of blinking {unknown}
Potions
 e - a potion of invisibility
 h - 2 potions of heal wounds
 k - 6 potions of curing
 r - 3 potions of lignification {unknown}
 t - a potion of haste {unknown}
Comestibles
 c - 7 rations


   Skills:
 - Level 3.2 Fighting
 + Level 12.7 Polearms
 - Level 4.0 Dodging
 - Level 2.1 Stealth


You had 7 spell levels left.
You didn't know any spells.
Your spell library was empty.

Dungeon Overview and Level Annotations

Branches:
Dungeon (5/15)             Temple (1/1) D:5

Altars:
Ashenzari
Cheibriados
Dithmenos
Elyvilon
Fedhas
Gozag
Hepliaklqana
Kikubaaqudgha
Makhleb
Nemelex Xobeh
Okawaru
Qazlal
Ru
Trog
Uskayaw
Vehumet
Wu Jian
Xom
Yredelemnul
Zin
The Shining One


Message History

The ogre is lightly wounded.
You block the ogre's attack.
You barely miss the ogre.
The ogre is lightly wounded.
The orc priest mumbles some strange prayers to Beogh against you.
Beogh smites you!
You hit the ogre.
The ogre is moderately wounded.
The ogre closely misses you.
You closely miss the ogre.
The ogre is moderately wounded.
You hit the ogre.
The ogre is heavily wounded.
The ogre hits you with a +0 giant club.
You puncture the ogre!
The ogre is severely wounded.
You barely miss the ogre.
The ogre is severely wounded.
The ogre hits you with a +0 giant club!!
You die...

#.........#......#
#...........##.#.#
#......o.#.....#.#
#..........###.# #
#..........o##.#
#......<..#o##.#
#.........#..#.#
#.........##O#<#
#.........##@#.#
#..............#
#####.≈≈≈≈≈...##.#.#
.....≈≈≈§≈≈§..##.#.#
.....§.≈≈§≈≈..##.#.#
.......☼°°≈≈.......#
#....§...☼§§.###...#
#....≈≈...§≈§..#...#
#.....≈≈≈≈§#§..#..>#


You could see an ogre, an orc priest and an orc.

Vanquished Creatures
  Duvessa (D:4)
  A sky beast (D:5)
  A necrophage (D:4)
  An ogre (D:4)
  Dowan (D:4)
  A scorpion (D:4)
  A crimson imp (D:5)
  2 orc wizards
  2 iguanas
  A worker ant (D:4)
  A hound zombie (D:5)
  A worker ant zombie (D:5)
  3 gnolls
  9 adders
  3 oozes
  4 worms
  3 dart slugs
  2 leopard geckos
  5 orcs (D:4)
  A ball python (D:4)
  6 bats
  4 giant cockroaches
  3 goblins
  9 hobgoblins
  6 jackals (D:1)
  2 quokkas
  8 frilled lizards
  5 kobolds
  6 rats
93 creatures vanquished.

Vanquished Creatures (others)
  2 scorpions (D:5)
  A worker ant (D:5)
  A frilled lizard (D:5)
4 creatures vanquished.

Grand Total: 97 creatures vanquished

Notes
Turn   | Place    | Note
-------+----------+-------------------------------------------
     0 | D:1      | Jabberih the Merfolk Monk began the quest for the Orb.
     0 | D:1      | Reached XP level 1. HP: 18/18 MP: 1/1
   111 | D:1      | Reached skill level 5 in Polearms
   115 | D:1      | Reached XP level 2. HP: 17/24 MP: 2/2
   271 | D:1      | Reached skill level 6 in Polearms
   271 | D:1      | Reached XP level 3. HP: 21/29 MP: 3/3
  1651 | D:2      | Reached skill level 7 in Polearms
  1651 | D:2      | Reached XP level 4. HP: 35/35 MP: 4/4
  1685 | D:2      | Found a faded altar of an unknown god.
  1685 | D:2      | Found a faded altar of an unknown god.
  1690 | D:2      | Found a hazy altar of Hepliaklqana.
  1692 | D:2      | Found a shattered altar of Ashenzari.
  1694 | D:2      | Found an ancient bone altar of Kikubaaqudgha.
  2520 | D:2      | Reached skill level 8 in Polearms
  2686 | D:2      | Reached XP level 5. HP: 41/41 MP: 5/5
  2995 | D:3      | Found an iron altar of Okawaru.
  3717 | D:4      | Reached skill level 9 in Polearms
  3742 | D:4      | Reached XP level 6. HP: 20/47 MP: 6/6
  4166 | D:4      | Reached skill level 10 in Polearms
  4452 | D:4      | Noticed a necrophage
  4472 | D:4      | Killed a necrophage
  4472 | D:4      | Reached skill level 11 in Polearms
  4472 | D:4      | Reached XP level 7. HP: 30/52 MP: 7/7
  4944 | D:5      | Entered Level 5 of the Dungeon
  4965 | D:5      | Noticed Dowan
  4966 | D:5      | Noticed Duvessa
  4995 | D:4      | Killed Duvessa
  5178 | D:4      | Killed Dowan
  5219 | D:5      | Reached skill level 12 in Polearms
  5437 | D:5      | Got an encrusted chain mail
  5448 | D:5      | Identified the +7 chain mail of the Boiling Point {*Contam
                  | rF++ rC+++ rCorr} (You found it on level 5 of the Dungeon)
  5577 | D:5      | Found a shimmering altar of Xom.
  5663 | D:5      | Found a staircase to the Ecumenical Temple.
  5702 | Temple   | Entered the Ecumenical Temple
  5747 | Temple   | Became a worshipper of Qazlal Stormbringer
  5747 | Temple   | Reached * piety under Qazlal
  5747 | Temple   | Reached ** piety under Qazlal
  6017 | D:5      | Reached XP level 8. HP: 58/58 MP: 8/8
  6040 | D:5      | Slain by an ogre

Skill      XL: |  1  2  3  4  5  6  7 |
---------------+----------------------+-----
Polearms       | 5 6 7 8 9 11 12 | 12.7
Fighting       | |  3.2
Dodging        | |  4.0
Stealth        | |  2.1

Action                   |  1- 3 |  4- 6 |  7- 9 || total
-------------------------+-------+-------+-------++-------
Melee: Spear             |   125 |    36 |       ||   161
       Dagger            |       |   199 |    18 ||   217
       Trident           |       |     6 |    41 ||    47
Throw: Stone             |     1 |     4 |       ||     5
       Throwing net      |       |     1 |       ||     1
  Use: Scroll            |     2 |     5 |     4 ||    11
       Potion            |       |       |     1 ||     1
 Stab: Sleeping          |       |     3 |       ||     3
  Eat: Chunk             |     2 |     9 |     3 ||    14
       Ration            |       |       |     1 ||     1
Armor: Robe              |    12 |       |       ||    12
       Ring mail         |    18 |    51 |     2 ||    71
       Chain mail        |       |       |     2 ||     2
Dodge: Dodged            |    90 |   122 |    20 ||   232
Block: Other             |       |       |     2 ||     2
